 Dungeon Crawl Stone Soup version 0.30.1-11-g7821555f0a (webtiles) character file.

Game seed: 7638595858305094216

1681 stackz the Basher (level 8, -5/71 HPs)
             Began as a Minotaur Monk on Jan 13, 2024.
             Was a Believer of the Shining One.
             Slain by a manticore (11 damage)
             ... on level 6 of the Dungeon.
             The game lasted 00:18:49 (5896 turns).

stackz the Basher (Minotaur Monk)                   Turns: 5896, Time: 00:18:50

Health: -5/71      AC:  8    Str: 23    XL:     8   Next: 71%
Magic:  7/7        EV: 13    Int:  7    God:    the Shining One [**....]
Gold:   355        SH:  0    Dex: 14    Spells: 7/7 levels left

rFire   + . .        a - +0 mace
rCold   . . .        d - orb {light}
rNeg    + + .        s - +1 ring mail of the World {rN+ Str+2}
rPois   .            (helmet restricted)
rElec   +            (no cloak)
rCorr   +            (no gloves)
SInv    .            g - +0 pair of boots
Will    .....        (no amulet)
Stlth   +            m - ring "Zogack" {rElec rF+ Str+4}
HPRegen 0.31/turn    j - ring of resist corrosion
MPRegen 0.10/turn

%: no passive effects
@: glowing
A: horns 2, retaliatory headbutt
a: Renounce Religion, Divine Shield


You were on level 6 of the Dungeon.
You worshipped the Shining One.
The Shining One was pleased with you.
You visited 2 branches of the dungeon, and saw 7 of its levels.

You collected 355 gold pieces.

Inventory:

Hand Weapons
 a - a +0 mace (weapon)
 h - a +3 shortbow
 B - a +1 whip of venom
 C - a +1 hand axe of draining
Missiles
 q - 2 curare-tipped darts (quivered)
Armour
 b - a +0 robe
 d - an orb of light (worn)
 g - a +0 pair of boots (worn)
 s - the +1 ring mail of the World (worn) {rN+ Str+2}
   (You found it on level 2 of the Dungeon)

   Str:       It affects your strength (+2).
   rN:        It protects you from negative energy.
Magical Staves
 v - a staff of death
Jewellery
 j - a ring of resist corrosion (right hand)
 m - the ring "Zogack" (left hand) {rElec rF+ Str+4}
   (You found it on level 2 of the Dungeon)

   [ring of protection from fire]

   Str:       It affects your strength (+4).
   rF:        It protects you from fire.
   rElec:     It insulates you from electricity.
 D - a ring of protection from fire
 K - a ring of ice
Wands
 k - a wand of paralysis (16)
 F - a wand of iceblast (7)
 I - a wand of mindburst (22)
Scrolls
 f - 2 scrolls of amnesia
 i - 2 scrolls of blinking
 n - a scroll of vulnerability {unknown}
 p - a scroll of fear
 u - a scroll of enchant weapon {unknown}
 y - a scroll of immolation {unknown}
 z - 2 scrolls of teleportation
 A - a scroll of butterflies {unknown}
 E - 7 scrolls of identify {unknown}
 H - 2 scrolls of fog
Potions
 c - 2 potions of ambrosia
 e - 7 potions of curing
 l - a potion of magic {unknown}
 o - a potion of haste {unknown}
 r - a potion of heal wounds
 t - a potion of lignification {unknown}
 w - 2 potions of resistance {unknown}
 x - a potion of attraction {unknown}
 G - a potion of brilliance {unknown}
 J - 3 potions of might {unknown}


   Skills:
 + Level 6.7 Fighting
 + Level 9.1 Maces & Flails
 + Level 6.8 Armour
 + Level 5.4 Dodging
 + Level 1.4 Stealth


You had 7 spell levels left.
You didn't know any spells.
Your spell library contained the following spells:

 Spells                   Type           Power      Damage    Failure   Level
 Sublimation of Blood     Necr           0%         N/A       71%         2
 Wereblood                Tmut           0%         N/A       71%         2
 Dazzling Flash           Conj/Hex       0%         N/A       90%         3
 Agony                    Necr           0%         N/A       100%        5
 Silence                  Hex/Air        0%         N/A       100%        5
 Summon Hydra             Summ           0%         N/A       100%        7


Dungeon Overview and Level Annotations

Branches:
Dungeon (6/15)             Temple (1/1) D:4

Altars:
Cheibriados
Dithmenos
Elyvilon
Fedhas
Gozag
Hepliaklqana
Kikubaaqudgha
Makhleb
Okawaru
Qazlal
Ru
Sif Muna
Trog
Uskayaw
Vehumet
Xom
Yredelemnul
Zin
The Shining One

Shops:
D:4 [[   D:5 *   D:6 ?:


Innate Abilities, Weirdness & Mutations

You have a pair of horns on your head.
You reflexively headbutt those who attack you in melee.


Message History

You bump into the rock wall.
The jelly closely misses you.
An orc wizard comes into view. It is wielding a +0 dagger.
You bump into the rock wall.
The orc wizard shouts!
You hear a shout!
An orc comes into view. It is wielding a +0 dagger.
You bump into the rock wall.
You bump into the rock wall.
You feel less confused.
The orc wizard gestures wildly while chanting.
The orc wizard flickers and vanishes for a moment.
The manticore bites you!! The manticore barely misses you.
The manticore claws you.
You hear a shout! x2
You thump the manticore!
The manticore is moderately wounded.
You hit the manticore. You headbutt the manticore.
The manticore is moderately wounded.
The manticore bites you!
* * * LOW HITPOINT WARNING * * *
The manticore claws you but does no damage.
The manticore claws you.
* * * LOW HITPOINT WARNING * * *
You hit the manticore. Your headbutt misses the manticore.
The manticore is moderately wounded.
An orc comes into view. It is wielding a +0 falchion.
The manticore closely misses you.
The manticore claws you but does no damage.
The manticore closely misses you.
You completely miss the manticore.
You headbutt the manticore, but do no damage.
The manticore is moderately wounded.
An orc comes into view. It is wielding a +2 dagger of speed.
The manticore bites you.
* * * LOW HITPOINT WARNING * * *
The manticore claws you but does no damage.
The manticore barely misses you.
You sock the manticore!
The manticore is heavily wounded.
The manticore misses you. The manticore claws you!
You die...

#.# #####.# #######.#
### #.. #.....†.#
##..[ .#.......#
#..... .........###
...... ...........#
#.... .........#.#
...#
.........#.#######s.[#
.........#......@HJo.#
...###############Yo$#
..# oo.# .# #.o..
.....o #..... ##..)
###


You could see a manticore, a sky beast, a scorpion, a jelly, an orc wizard
(invisible) and 3 orcs.

Vanquished Creatures
  Sigmund (D:5)
  A steam dragon (D:6)
  Menkaure (D:4)
  Edmund (D:5)
  2 water moccasins
  An ice beast (D:4)
  An ogre (D:5)
  A centaur (D:6)
  A phantom (D:4)
  Blork the orc (D:4)
  A bullfrog (D:6)
  2 jellies
  3 orc priests
  A sleepcap (D:6)
  Ijyb (D:5)
  3 iguanas (D:6)
  2 orc wizards
  Natasha (twice) (D:2)
  5 adders
  A white imp (D:6)
  2 ufetubi
  2 dart slugs
  9 orcs
  9 ball pythons
  2 endoplasms
  4 giant cockroaches
  6 goblins
  10 hobgoblins
  7 jackals
  4 kobolds
  2 quokkas
  5 bats
  2 frilled lizards (D:3)
  4 rats
100 creatures vanquished.

Notes
Turn   | Place    | Note
-------+----------+-------------------------------------------
     0 | D:1      | stackz the Minotaur Monk began the quest for the Orb.
     0 | D:1      | Reached XP level 1. HP: 19/19 MP: 0/0
   295 | D:1      | Reached XP level 2. HP: 27/27 MP: 1/1
   348 | D:1      | Reached skill level 4 in Maces & Flails
  1024 | D:2      | Reached XP level 3. HP: 31/33 MP: 2/2
  1030 | D:2      | Identified the ring "Zogack" {rElec rF+ Str+4}
  1089 | D:2      | Found a faded altar of an unknown god.
  1144 | D:2      | Noticed Natasha
  1152 | D:2      | Killed Natasha
  1153 | D:2      | Reached XP level 4. HP: 26/41 MP: 3/3
  1327 | D:2      | Noticed Natasha
  1338 | D:2      | Killed Natasha
  1353 | D:2      | Identified the +1 ring mail of the World {rN+ Str+2}
  1402 | D:2      | Reached skill level 5 in Maces & Flails
  1758 | D:2      | You fall into a shaft and drop 1 floor!
  2131 | D:3      | Reached XP level 5. HP: 47/47 MP: 4/4
  2516 | D:4      | Reached skill level 1 in Armour
  2779 | D:4      | Noticed Menkaure
  2780 | D:4      | Noticed Blork the orc
  2792 | D:4      | Killed Menkaure
  2793 | D:4      | Reached skill level 5 in Fighting
  2793 | D:4      | Reached skill level 6 in Maces & Flails
  2793 | D:4      | Reached XP level 6. HP: 12/56 MP: 5/5
  2794 | D:4      | Killed Blork the orc
  2951 | D:4      | Found Riuczetid's Antique Armour Shop.
  3097 | D:4      | Found a sacrificial altar of Ru.
  3105 | D:4      | Found Enunuzei's Armour Emporium.
  3367 | D:4      | Found a staircase to the Ecumenical Temple.
  3392 | Temple   | Entered the Ecumenical Temple
  3583 | Temple   | Became a worshipper of the Shining One
  3583 | Temple   | Reached * piety under the Shining One
  3583 | Temple   | Reached ** piety under the Shining One
  3611 | D:4      | Noticed an ice beast
  3622 | D:4      | Killed an ice beast
  3623 | D:4      | Reached XP level 7. HP: 47/61 MP: 6/6
  3687 | D:4      | Found a shimmering blue altar of Sif Muna.
  3905 | D:5      | Entered Level 5 of the Dungeon
  4074 | D:5      | Found Ea-nāṣir's Fine Metal Goods.
  4358 | D:5      | Reached skill level 7 in Maces & Flails
  4432 | D:5      | Noticed Ijyb
  4444 | D:5      | Killed Ijyb
  4540 | D:5      | Found a bloodstained altar of Trog.
  4786 | D:5      | Noticed Sigmund
  4805 | D:5      | Killed Sigmund
  4806 | D:5      | Reached skill level 5 in Dodging
  4806 | D:5      | Reached skill level 1 in Stealth
  4853 | D:5      | Noticed Edmund
  4869 | D:5      | HP: 2/54 [Edmund/+2 dire flail of draining (3)]
  4871 | D:5      | Killed Edmund
  4872 | D:5      | Reached skill level 5 in Armour
  4872 | D:5      | Reached XP level 8. HP: 3/66 MP: 7/7
  5131 | D:5      | Reached skill level 8 in Maces & Flails
  5406 | D:6      | Found Zidocw's Magic Scroll Shop.
  5434 | D:6      | Found Avus's Book Shop.
  5883 | D:6      | Noticed a manticore
  5884 | D:6      | Reached skill level 9 in Maces & Flails
  5896 | D:6      | Slain by a manticore

Illustrated notes

Levels and vault maps discovered:
D:1:      heliophobic_arrival_battle_scene, layout_loops_corners
D:2:      layout_basic, nicolae_ecumenical_pavilion, uniq_natasha
D:3:      layout_rooms, wander_ebering_terrifying_dragon_lair
D:4:      layout_basic, mainiacjoe_overflow_concentric_impassable,
          nicolae_sif_muna_little_library, minmay_temple_entry_hall,
          serial_shops, shop, shop, uniq_menkaure, uniq_blork_the_orc
D:5:      layout_rooms, lemuel_round_altar, kennysheep_cross_bottleneck,
          nicolae_ea-nasir_strikes_again, hangedman_abyss_or_decor_stagger,
          uniq_sigmund, uniq_ijyb, uniq_edmund
D:6:      minmay_general_purpose_star, layout_loops_ring, ashenzari_altar_1,
          serial_shops, nicolae_shop_waterfront, shop,
          nicolae_book_shop_shelving, nicolae_shop_dealshenge, grunt_potential,
          uniq_duvessa, uniq_maggie
Temple:   nicolae_temple_superstar

Skill      XL: |  1  2  3  4  5  6  7  8 |
---------------+-------------------------+-----
Maces & Flails | 4 5 6 7 9 |  9.1
Fighting       | 4 5 6 |  6.7
Dodging        | 4 5 |  5.4
Armour         | 2 3 5 6 |  6.8
Stealth        | 1 |  1.4

Action                     |  1- 3 |  4- 6 |  7- 9 || total
---------------------------+-------+-------+-------++-------
  Melee: Mace              |    59 |    89 |   111 ||   259
         Headbutt          |     8 |    13 |    37 ||    58
    Use: Scroll            |       |       |     6 ||     6
 Armour: Robe              |     6 |     1 |       ||     7
         Ring mail         |       |    32 |    26 ||    58
  Dodge: Dodged            |    39 |    61 |    65 ||   165
